 Dungeon Crawl Stone Soup version 0.22-a0-605-g9281fa2 (webtiles) character file.

0 Amnesiac the Ducker (level 1, 0/9 HPs)
             Began as a Spriggan Transmuter on July 8, 2018.
             Slain by a jackal (3 damage)
             ... on level 3 of the Dungeon.
             The game lasted 00:00:27 (91 turns).

Amnesiac the Ducker (Spriggan Transmuter)             Turns: 91, Time: 00:00:28

Health: 0/9        AC:  2    Str:  6    XL:     1   Next: 8%
Magic:  4/5        EV: 18    Int: 14    God:
Gold:   19         SH:  0    Dex: 16    Spells: 4/5 levels left

rFire    . . .     SeeInvis +   e - +0 dagger
rCold    . . .     Gourm    .   (shield restricted)
rNeg     . . .     Faith    .   b - +0 robe
rPois    .         Spirit   .   (helmet restricted)
rElec    .         Reflect  .   (no cloak)
rCorr    .         Harm     .   (gloves unavailable)
MR       .....                  (boots unavailable)
Stlth    +.........             (no amulet)
HPRegen  0.03/turn              (no ring)
MPRegen  0.09/turn              (no ring)

@: appendage, very quick
A: very small, unfitting armour, horns 2, see invisible, herbivore, speed 3,
slow metabolism 2
a: End Transformation


You were on level 3 of the Dungeon.
You were not hungry.
You had grown temporary horns.
You visited 1 branch of the dungeon, and saw 3 of its levels.

You collected 19 gold pieces.

Inventory:

Hand Weapons
 e - a +0 dagger (weapon)
Missiles
 a - 12 arrows
Armour
 b - a +0 robe (worn)
Scrolls
 c - a scroll of identify {!r, unknown}
Comestibles
 d - a ration


   Skills:
 + Level 0.7 Fighting
 * Level 3.0 Dodging
 - Level 2.4 Unarmed Combat
 - Level 2.6 Spellcasting
 - Level 2.6 Transmutations


You had 4 spell levels left.
You knew the following spells:

 Your Spells              Type           Power        Failure   Level  Hunger
a - Beastly Appendage     Tmut           #.....       8%          1    #......

Your spell library contained the following spells:

 Spells                   Type           Power        Failure   Level  Hunger
 Spider Form              Tmut/Pois      #.........   36%         3    ###....
 Blade Hands              Tmut           #.........   90%         5    ######.
 Ice Form                 Ice/Tmut       #.......     77%         4    #####..
 Sticks to Snakes         Tmut           #.......     11%         2    ###....


Dungeon Overview and Level Annotations

Branches:
Dungeon (3/15)

Altars:


Innate Abilities, Weirdness & Mutations

You are very small and have problems with some larger weapons.
You are too small for most types of armour.
You have supernaturally acute eyesight. (SInv)
You are a herbivore.
You cover ground extremely quickly.
You need to consume almost no food.
You have a pair of horns on your head.


Message History

You closely miss the rat.
The rat is severely wounded.
You closely miss the rat.
The rat is severely wounded.
The rat closely misses you.
You hit the rat.
You kill the rat!
Your transformation is almost over.
There is an escape hatch in the floor here.
You slide downwards.
The hatch slams shut behind you.
A worm comes into view.
A worm is nearby!
A worm is nearby!
A jackal comes into view.
The jackal barks!
You hear a bark!
You hear an angry hiss.
You hear a bark! 2 jackals come into view.
The jackal barks!
Your horns disappear.
A worm comes into view.
An adder comes into view.
The adder hisses angrily.
Found a leather armour and a short sword.
A kobold comes into view.
The kobold shouts!
You see here a leather armour.
A frilled lizard comes into view.
The frilled lizard hisses angrily.
Found 11 gold pieces and a dagger.
Found an escape hatch in the floor.
You see here a dagger.
e - a dagger The jackal completely misses you.
You see here 11 gold pieces.
You now have 19 gold pieces (gained 11).
The frilled lizard completely misses you.
The jackal barely misses you.
There is an escape hatch in the floor here.
The jackal misses you. The frilled lizard closely misses you.
You slide downwards.
The hatch slams shut behind you.
Found a stone staircase leading up.
Casting: Beastly Appendage (safe; 8% risk of failure)
Confirm with . or Enter, or press ? or * to list all spells.
You grow a pair of large bovine horns.
The jackal bites you. The frilled lizard barely misses you.
The jackal misses you.
Firing (i - inventory) No suitable missiles.
Press: ? - help, Shift-Dir - straight line, f - frilled lizard
Aim: a frilled lizard
Okay, then.
Wield which item (- for none, * to show all)? (? for menu, Esc to quit)
e - a +0 dagger (weapon)
You hit the jackal but do no damage. The jackal closely misses you.
The frilled lizard bites you. The jackal closely misses you.
You hit the jackal but do no damage. The frilled lizard barely misses you.
The jackal misses you.
You closely miss the jackal. The jackal completely misses you.
The frilled lizard bites you. The jackal misses you.
You closely miss the jackal.
You headbutt the jackal, but do no damage.
The frilled lizard bites you.
* * * LOW HITPOINT WARNING * * *
The jackal completely misses you.
You hit the jackal.
The jackal is severely wounded.
The jackal bites you.
You die...

##
#.
##.
#l#
#@#
#h#
##.
#.
..
..
.#.
##.


You could see a jackal and a frilled lizard.

Vanquished Creatures
  A rat (D:1)
1 creature vanquished.

Notes
Turn   | Place    | Note
-------+----------+-------------------------------------------
     0 | D:1      | Amnesiac the Spriggan Transmuter began the quest for the Orb.
     0 | D:1      | Reached XP level 1. HP: 9/9 MP: 5/5
    91 | D:3      | Slain by a jackal

Vault maps used:
D:1:      minmay_arrival_hallway
D:3:      hellmonk_ghost_happy_afterlife

Action                   || total
-------------------------++-------
Melee: Unarmed           ||     8
       Dagger            ||     5
       Headbutt          ||     2
 Cast: Beastly Appendage ||     2
Dodge: Dodged            ||    20

Table legend:
 A = Spawn XP
 B = Non-spawn XP
 C = Spawn XP percentage of total XP
 D = Spawn monster count
 E = Non-spawn monster count
 F = Spawn count percentage of total count
 G = Total turns spent on level
                    A         B        C        D         E        F      G
               +---------+---------+-------+---------+---------+-------+---------
         Total |       0 |       1 |   0.0 |       0 |       1 |   0.0 |    91
               +---------+---------+-------+---------+---------+-------+---------
           D:1 |       0 |       1 |   0.0 |       0 |       1 |   0.0 |    31
               +---------+---------+-------+---------+---------+-------+---------
